 Dungeon Crawl Stone Soup version 0.30-a0-1104-g706747fef1 (webtiles) character file.

Game seed: 236242099174460930

80 CryoSword the Grasshopper (level 4, -5/57 HPs)
             Began as a Gnoll Warper on Apr 19, 2023.
             Slain by an orc wizard
             ... wielding a +1 dagger of electrocution
              (14 damage)
             ... on level 2 of the Dungeon.
             The game lasted 00:03:51 (1975 turns).

CryoSword the Grasshopper (Gnoll Warper)            Turns: 1975, Time: 00:03:51

Health: -5/57      AC: 22    Str: 12    XL:     4   Next: 39%
Magic:  11/11      EV:  2    Int: 13    God:
Gold:   125        SH:  0    Dex: 11    Spells: 5/13 levels left

rFire   . . .      SeeInvis .    a - +0 mace
rCold   . . .      Faith    .    (no shield)
rNeg    . . .      Spirit   .    b - melded +0 leather armour
rPois   +          Reflect  .    (helmet currently unavailable)
rElec   .          Rampage  .    (cloak currently unavailable)
rCorr   .          NoTele   +    g - melded +0 pair of gloves "Anlagar" {rF+ Dex+2}
Will    .....                    (boots currently unavailable)
Stlth   ++                       (no amulet)
HPRegen 0.29/turn                (no ring)
MPRegen 0.12/turn                (no ring)

@: tree-form
A: stationary, stasis, torment immunity, boosted hp, (fangs 1), strong nose,
distributed training
a: no special abilities


You were on level 2 of the Dungeon.
You were a tree.
You visited 1 branch of the dungeon, and saw 3 of its levels.

You collected 125 gold pieces.

Inventory:

Hand Weapons
 a - a +0 mace (weapon)
Missiles
 l - 2 boomerangs of dispersal (quivered) {!f}
Armour
 b - a +0 leather armour (melded)
 g - the +0 pair of gloves "Anlagar" (melded) {rF+ Dex+2}
   (You acquired it on level 2 of the Dungeon)

   Dex:       It affects your dexterity (+2).
   rF:        It protects you from fire.
Scrolls
 c - a scroll of blinking
 i - 2 scrolls of summoning {unknown}
 p - a scroll of teleportation {unknown}
 r - a scroll of noise {unknown}
 s - a scroll of immolation {unknown}
Potions
 d - 2 potions of magic
 e - a potion of might
 f - a potion of lignification {!q}
 j - a potion of attraction {unknown}
 k - a potion of haste {@q3}
 t - a potion of mutation {unknown}


   Skills:
 + Level 4.6 Fighting
 + Level 1.2 Short Blades
 + Level 1.2 Long Blades
 + Level 1.2 Axes
 + Level 4.6 Maces & Flails
 + Level 1.2 Polearms
 + Level 1.2 Staves
 + Level 1.2 Ranged Weapons
 + Level 2.8 Throwing
 + Level 2.8 Armour
 + Level 4.6 Dodging
 + Level 1.2 Stealth
 + Level 1.2 Shields
 + Level 1.2 Unarmed Combat
 + Level 5.1 Spellcasting
 + Level 1.0 Conjurations
 + Level 1.0 Hexes
 + Level 1.0 Summonings
 + Level 1.0 Necromancy
 + Level 5.5 Translocations
 + Level 1.0 Transmutations
 + Level 1.0 Fire Magic
 + Level 1.0 Ice Magic
 + Level 1.0 Air Magic
 + Level 1.0 Earth Magic
 + Level 1.0 Poison Magic
 + Level 1.3 Invocations
 + Level 1.2 Evocations


You had 5 spell levels left.
You knew the following spells:

 Your Spells              Type           Power      Damage    Failure   Level
a - Teleport Other        Tloc           17%        N/A       6%          3
b - Vhi's Electric Charg  Tloc/Air       22%        N/A       14%         3
B - Blink                 Tloc           34%        N/A       3%          2

Your spell library contained the following spells:

 Spells                   Type           Power      Damage    Failure   Level
 Lesser Beckoning         Tloc           34%        N/A       3%          2
 Manifold Assault         Tloc           17%        N/A       19%         4


Dungeon Overview and Level Annotations

Branches:
Dungeon (3/15)

Altars:

Shops:
D:1 (


Innate Abilities, Weirdness & Mutations

You are a tree.
Your roots penetrate the ground, keeping you stationary.
You cannot be teleported.
You are immune to unholy pain and torment.
Your maximum health is greatly increased.
Your equipment is partially melded.
((You have very sharp teeth.))
Your uncanny sense of smell can sniff out nearby items.
Your experience applies equally to all skills.


Message History

g - a scroll of identify {@r1} You see here 8 stones.
You see here 8 stones.
There is a faded altar of an unknown god here.
An adder comes into view.
An adder is nearby!
An adder is nearby!
An adder is nearby!
As you read the scroll of identify {@r1}, it crumbles to dust.
h - a scroll of acquirement The adder hisses angrily.
A bat comes into view.
The bat moves out of view.
You sock the adder! The adder bites you. x2
You sock the adder!
You kill the adder!
No target in view!
No target in view!
Something appears at your feet!
g - the +0 pair of gloves "Anlagar" {rF+ Dex+2} You start putting on your armour.
You continue putting on the +0 pair of gloves "Anlagar" {rF+ Dex+2}. x4
You finish putting on the +0 pair of gloves "Anlagar" {rF+ Dex+2}.
You feel agile.
A bat is nearby!
A bat is nearby!
The bat barely misses you.
You see here an adder corpse.
You hit the bat. The bat completely misses you.
The bat hits you but does no damage. The bat hits you but does no damage.
The bat hits you but does no damage.
You sock the bat!
You kill the bat!
No target in view!
No target in view!
You see here a bat corpse.
A quokka comes into view.
A quokka is nearby!
A quokka is nearby!
A quokka is nearby!
A rat comes into view.
The quokka bites you.
You hit the quokka but do no damage. Your bite misses the quokka.
The quokka bites you but does no damage.
The quokka barely misses you.
You hit the quokka.
You kill the quokka!
You hit the rat.
You kill the rat!
No target in view!
No target in view!
Done exploring.
Done exploring.
Done exploring.
Done exploring.
No target in view!
There is a stone staircase leading down here.
You climb downwards.
The orc priest shouts!
The adder hisses angrily.
The orc shouts! x2
You hear a shout!
You hear an angry hiss.
There is a stone staircase leading up here.
There are monsters nearby!
There are monsters nearby!
You closely miss the orc. The orc hits you but does no damage.
The orc wizard hits you but does no damage.
The orc priest closely misses you. The orc hits you with a +0 whip.
The orc hits you but does no damage.
You climb upwards.
There is a stone staircase leading down here.
You hit the orc wizard.
The orc wizard mumbles some strange words.
The orc wizard flickers and vanishes!
Deactivating autopickup; reactivate with Ctrl-A.
The orc hits you with a +0 flail!
You closely miss the orc. Something hits you. The orc hits you with a +0 flail.
You are too injured to fight recklessly!
You closely miss the orc. Something hits you. The orc misses you.
You closely miss the orc. Your bite misses the orc.
You hear some strange, mumbled words.
A magic dart appears from out of thin air!
The magic dart hits you.
* * * LOW HITPOINT WARNING * * *
The orc barely misses you.
You closely miss the orc.
You hear some strange, mumbled words.
You are confused.
The orc hits you with a +0 flail.
* * * LOW HITPOINT WARNING * * *
The orc closely misses you.
Really quaff
f - 2 potions of lignification {!q}?
Really quaff the potion of lignification?
You turn into a tree.
The +0 pair of gloves "Anlagar" {rF+ Dex+2} melds into your body.
Your +0 leather armour melds into your body.
Your roots penetrate the ground.
The orc hits you with a +0 flail.
* * * LOW HITPOINT WARNING * * *
The orc barely misses you.
You cannot move. (Use ctrl+direction or * direction to attack while stationary and confused.)
You cannot move. (Use ctrl+direction or * direction to attack while stationary and confused.)
You cannot move. (Use ctrl+direction or * direction to attack while stationary and confused.) Unknown command.
You hit the orc. The orc hits you but does no damage. x2
You hit the orc.
You kill the orc!
The orc hits you but does no damage.
Your Conjurations skill increases to level 1!
Your Hexes skill increases to level 1!
Your Summonings skill increases to level 1!
Your Necromancy skill increases to level 1!
Your Transmutations skill increases to level 1!
Your Fire Magic skill increases to level 1!
Your Ice Magic skill increases to level 1!
Your Air Magic skill increases to level 1!
Your Earth Magic skill increases to level 1!
Your Poison Magic skill increases to level 1!
You cannot move. (Use ctrl+direction or * direction to attack while stationary and confused.)
You attack the rock wall.
The orc hits you with a +0 whip.
* * * LOW HITPOINT WARNING * * *
You attack the rock wall.
You feel less confused. The orc hits you but does no damage.
You hit the orc. The orc hits you but does no damage.
The orc hits you with a +0 whip.
* * * LOW HITPOINT WARNING * * *
You closely miss the orc. The orc hits you but does no damage.
You barely miss the orc. The orc hits you but does no damage.
Okay, then.
You closely miss the orc. The orc hits you but does no damage.
You barely miss the orc. The orc hits you but does no damage.
You hit the orc but do no damage. The orc hits you but does no damage.
You hit the orc. The orc hits you but does no damage. x2
You closely miss the orc. The orc hits you but does no damage.
You closely miss the orc. The orc completely misses you.
You hit the orc.
You kill the orc!
You hit something.
You hear some strange, mumbled words.
A magic dart appears from out of thin air!
The magic dart hits you but does no damage.
You hit something but do no damage. Something hits you but does no damage.
You barely miss something. Something hits you but does no damage.
You miss something.
Something hits you but does no damage. x2
You are electrocuted!
* * * LOW HITPOINT WARNING * * *
You hit something. Something hits you but does no damage.
You barely miss something. Something hits you but does no damage.
You miss something. Something hits you but does no damage.
You are electrocuted!
You die...

##.# ####.####...#
#.### #.# ##.#.##
#...# #.###..#..#
###.## #..##.###.#
#..# ##....# #.# #
##.# #....# #.# #
#.# ###.##.# #.# #
#.###...##.###.# #
###.....####.)♣{.#
###.....###
####### #...##..##
..####...#
...###...#
##.#.#.#.##
#.........#
##.......##
#.....>...#


There were no monsters in sight!

Vanquished Creatures
  2 adders (D:2)
  A worm (D:2)
  A dart slug (D:1)
  2 orcs (D:2)
  7 ball pythons
  4 endoplasms
  2 giant cockroaches (D:1)
  5 goblins
  6 hobgoblins
  3 jackals (D:1)
  A quokka (D:2)
  7 bats
  2 frilled lizards
  4 kobolds (D:2)
  4 rats
51 creatures vanquished.

Notes
Turn   | Place    | Note
-------+----------+-------------------------------------------
     0 | D:1      | CryoSword the Gnoll Warper began the quest for the Orb.
     0 | D:1      | Reached XP level 1. HP: 20/20 MP: 6/6
   247 | D:1      | Reached XP level 2. HP: 26/26 MP: 7/7
   260 | D:1      | Learned a level 2 spell: Blink
   460 | D:1      | Reached skill level 5 in Spellcasting
   460 | D:1      | Reached XP level 3. HP: 31/31 MP: 7/9
   540 | D:1      | Found Zuivoqye's Weapon Shop.
   825 | D:1      | Reached skill level 1 in Invocations
  1105 | D:2      | Learned a level 3 spell: Teleport Other
  1146 | D:2      | Learned a level 3 spell: Vhi's Electric Charge
  1340 | D:2      | Reached skill level 1 in Short Blades
  1340 | D:2      | Reached skill level 1 in Long Blades
  1340 | D:2      | Reached skill level 1 in Axes
  1340 | D:2      | Reached skill level 1 in Polearms
  1340 | D:2      | Reached skill level 1 in Staves
  1340 | D:2      | Reached skill level 1 in Ranged Weapons
  1340 | D:2      | Reached skill level 1 in Stealth
  1340 | D:2      | Reached skill level 1 in Shields
  1340 | D:2      | Reached skill level 1 in Unarmed Combat
  1340 | D:2      | Reached skill level 1 in Evocations
  1389 | D:2      | Found a faded altar of an unknown god.
  1571 | D:2      | Reached XP level 4. HP: 32/38 MP: 11/11
  1865 | D:2      | Identified a scroll of acquirement
  1870 | D:2      | Acquired the +0 pair of gloves "Anlagar" {rF+ Dex+2}
  1957 | D:2      | Reached skill level 1 in Conjurations
  1957 | D:2      | Reached skill level 1 in Hexes
  1957 | D:2      | Reached skill level 1 in Summonings
  1957 | D:2      | Reached skill level 1 in Necromancy
  1957 | D:2      | Reached skill level 1 in Transmutations
  1957 | D:2      | Reached skill level 1 in Fire Magic
  1957 | D:2      | Reached skill level 1 in Ice Magic
  1957 | D:2      | Reached skill level 1 in Air Magic
  1957 | D:2      | Reached skill level 1 in Earth Magic
  1957 | D:2      | Reached skill level 1 in Poison Magic
  1975 | D:2      | Slain by an orc wizard

Illustrated notes

Levels and vault maps discovered:
D:1:      sevenhm_arrival_forest_fort_small_6, layout_loops_corners,
          serial_shops, nicolae_shop_tiny_glass, st_stairs_6, minmay_nonomino_d4
D:2:      layout_rooms, shapermc_ecumenical_altar_mp_highgroup, st_stairs_4,
          minmay_misc_feat_four_crosses, wad_floor_pattern_1
D:3:      layout_basic, lemuel_tele_altar

Skill      XL: |  1  2  3  4 |
---------------+-------------+-----
Spellcasting   | 5 |  5.1
Invocations    | 1 |  1.3
Short Blades   | 1 |  1.2
Long Blades    | 1 |  1.2
Axes           | 1 |  1.2
Polearms       | 1 |  1.2
Staves         | 1 |  1.2
Ranged Weapons | 1 |  1.2
Stealth        | 1 |  1.2
Shields        | 1 |  1.2
Unarmed Combat | 1 |  1.2
Evocations     | 1 |  1.2
Conjurations   | 1 |  1.0
Hexes          | 1 |  1.0
Summonings     | 1 |  1.0
Necromancy     | 1 |  1.0
Transmutations | 1 |  1.0
Fire Magic     | 1 |  1.0
Ice Magic      | 1 |  1.0
Air Magic      | 1 |  1.0
Earth Magic    | 1 |  1.0
Poison Magic   | 1 |  1.0
Fighting       | |  4.6
Maces & Flails | |  4.6
Throwing       | |  2.8
Armour         | |  2.8
Dodging        | |  4.6
Translocations | |  5.5

Action                     |  1- 3 |  4- 6 || total
---------------------------+-------+-------++-------
  Melee: Mace              |   122 |    41 ||   163
         Bite              |     5 |     2 ||     7
         Punch             |     1 |       ||     1
   Cast: Blink             |     1 |       ||     1
    Use: Scroll            |       |     8 ||     8
         Potion            |       |     1 ||     1
   Stab: Sleeping          |     1 |       ||     1
 Armour: Leather armour    |    44 |     7 ||    51
         Skin              |       |    21 ||    21
  Dodge: Dodged            |   104 |    17 ||   121

Table legend: (Time is in decaauts)
 A = Elapsed time spent in this place.
 B = Non-inter-level travel time spent in this place.
 C = Inter-level travel time spent in this place.
 D = Time resting spent in this place.
 E = Time spent auto-exploring this place.
 F = Levels seen in this place.
 G = Mean time per level.
                   A        B        C        D        E       F      G
               +--------+--------+--------+--------+--------+-----+--------+
         Total |   2003 |   1933 |     70 |     39 |   1390 |   3 |  667.7 |
       Dungeon |   2003 |   1933 |     70 |     39 |   1390 |   3 |  667.7 |
               +--------+--------+--------+--------+--------+-----+--------+

Top non-repeatable levels by time:
     D:1: 1178 daAuts
     D:2: 822 daAuts
     D:3: 2 daAuts
